Unix NetHack Version 5.0.0-0 post-release - last build May 10 2026 23:12:36 (d1fa5d53e341ca933230fdaa984d921c805b60aa,branch:main).

Game began 2026-05-11 07:31:40, ended 2026-05-11 11:32:25.

1212459919, chaotic female human Barbarian

                                                              -----
                             ---- ----                        |...--
                --- ---   ----..---..|            ---- ------ |.|..|
               --.--..|  --.|....|...| ---..      |..--.--..----|..--
            ----.<.--.-- |.........-----.|.-      |....`..^%..|--...--
          ---.........)---........---.|....|      -----.......--.....|
     ---- |..[..........|.........|-.......|     ---  ---...........--
    --..|--.........%.............|.%%.....|  ----.---  --..........|
    |...||..........................%|.--..|  |......--- |..........|
  ---.-----......---..........^......|-|..--  |.......k---..--.--.---
  |...--- |......---...............|.---.--------.....e@r...--- ---
  |.....------....|................|...................rr.....|
  ---....-----........----..........----..-------..--.........--
    |.................-----..........| ----     -.----....--...|
    ---.-------.*.....[..............|           --  ----------..
      ---     |-......-------.....----                         .-
              |.......------..|...|
              ----..........`------
                 --..--------
                  ----
1212459919 the Pillager    St:17 Dx:17 Co:18 In:8 Wi:7 Ch:7  Chaotic
Dlvl:4  $:0  HP:0(54) Pw:12(12) AC:4  Xp:5 T:3404 

Latest messages:
 The newt bites!
 The newt bites!
 The newt bites!
 The newt bites!
 The newt bites!
 The newt bites!
 The newt bites!
 The newt bites!
 The newt bites!
 The newt bites!
 The newt misses!
 You can move again.
 You smite the newt.
 You kill the newt!
 You miss the floating eye.
 You are frozen by the floating eye's gaze!
 You can move again.
 You smite the floating eye!
 You are frozen by the floating eye's gaze!
 The kobold hits!
 The kobold hits!
 The kobold hits!
 The kobold hits!
 The kobold hits!
 The kobold hits!
 The kobold just misses!
 The kobold hits!
 The kobold hits!
 The sewer rat bites!
 The kobold hits!
 The sewer rat bites!
 The sewer rat bites!
 The sewer rat bites!
 The sewer rat bites!
 The sewer rat bites!
 The sewer rat just misses!
 The kobold hits!
 The sewer rat misses!
 The sewer rat bites!
 The sewer rat bites!
 The sewer rat bites!
 The sewer rat bites!
 The sewer rat bites!
 The sewer rat bites!
 You die...
 Do you want your possessions identified? [ynq] (y) y
 Do you want to see your attributes? [ynq] (y) y
 Do you want an account of creatures vanquished? [ynaq] (y) y
 Do you want to see your conduct and achievements? [ynq] (y) y
 Do you want to see the dungeon overview? [ynq] (y) y

Inventory:
 Weapons  (')')
  t - a +0 sling
  s - a +0 boomerang
  u - a +1 elven dagger (at the ready)
  f - a cursed +0 orcish dagger
  h - a cursed -1 axe (weapon in right hand)
  a - a blessed +0 two-handed sword
 Armor    ('[')
  g - an uncursed +0 orcish helm (being worn)
  w - an uncursed +0 pair of iron shoes (being worn)
  v - an uncursed +0 dwarvish cloak
  x - an uncursed +0 dwarvish cloak (being worn)
  c - an uncursed +0 ring mail (being worn)
 Comestibles  ('%')
  q - 2 uncursed food rations
  B - an uncursed partly eaten food ration
  r - an uncursed pancake
  y - 2 uncursed tripe rations
 Potions  ('!')
  p - an uncursed potion of healing
  m - an uncursed potion of monster detection
 Tools    ('(')
  e - an uncursed oil lamp

1212459919 the Barbarian's attributes:

Background:
 You were a Pillager, a level 5 female human Barbarian.
 You were chaotic, on a mission for Set
 who was opposed by Mitra (lawful) and Crom (neutral).
 You were right-handed.
 You were in the Gnomish Mines, on level 4.
 You entered the dungeon 3404 turns ago.
 You had 251 experience points, 69 more were needed to attain level 6.

Basics:
 You had 0 out of 54 hit points.
 You had all 12 energy points (spell power).
 Your armor class was 4.
 Your wallet was empty.
 Autopickup was off.

Final Characteristics:
 Your strength was 17 (limit:18/100).
 Your dexterity was 17 (peak:18, limit:18).
 Your constitution was 18 (limit:18).
 Your intelligence was 8 (limit:18).
 Your wisdom was 7 (limit:18).
 Your charisma was 7 (limit:18).

Final Status:
 You weren't hungry.
 You were unencumbered.
 You were wielding an axe.
 You had basic skill with axe.

Final Attributes:
 You were piously aligned.
 Your items were somewhat protected from fire.
 Your items were somewhat protected from cold.
 You were poison resistant.
 You were warded.
 Set was angry with you.
 You are dead.

Miscellaneous:
 You didn't encounter any bones levels.
 Total elapsed playing time was 53 minutes and 38 seconds.

Major events:
 Turn
    1: 1212459919 the chaotic female human Barbarian entered the dungeon
  733: entered the Gnomish Mines
 1353: attained the rank of Pillager (level 3)
 3404: killed by a sewer rat, while frozen by a floating eye's gaze

You didn't know any spells.

Skills:
 Fighting Skills
   bare handed combat [Basic]
   two weapon combat  [Unskilled]
   riding             [Unskilled]
 Weapon Skills
   dagger             [Unskilled]
   axe                [Basic]
   pick-axe           [Unskilled]
   short sword        [Unskilled]
   broadsword         [Unskilled]
   long sword         [Unskilled]
   two-handed sword   [Basic]
   saber              [Unskilled]
   club               [Unskilled]
   mace               [Unskilled]
   morning star       [Unskilled]
   flail              [Unskilled]
   hammer             [Unskilled]
   quarterstaff       [Unskilled]
   spear              [Unskilled]
   trident            [Unskilled]
   bow                [Unskilled]
 Spellcasting Skills
   attack spells      [Unskilled]
   escape spells      [Unskilled]

Voluntary challenges:
 Character rerolling was not enabled.
 You followed a strict vegan diet.
 You were illiterate.
 You never genocided any monsters.
 You never polymorphed an object.
 You never changed form.
 You used no wishes.
Achievements:
 You entered the Gnomish Mines.
 You attained the rank of Pillager.

 The Dungeons of Doom: levels 1 to 6
    Level 1:
    Level 2:
    Level 3:
       An altar, some fountains.
       Stairs down to The Gnomish Mines.
    Level 4:
    Level 5:
    Level 6:
 The Gnomish Mines:
    Level 4: <- You were here.
       Final resting place for
          you, killed by a sewer rat, while frozen by a floating eye's gaze.


Vanquished creatures:
  a leprechaun
  a gnome leader
  a little dog
  a floating eye
  3 dwarves
  2 rothes
  2 rabid rats
  a monkey
  a werejackal
 an acid blob
  a coyote
  a gas spore
  2 hobbits
  3 large kobolds
  a hobgoblin
  a brown mold
  a yellow mold
  8 gnomes
  a gecko
  4 jackals
  a kobold
  4 goblins
  a sewer rat
  4 grid bugs
  2 lichens
  2 kobold zombies
  3 newts
54 creatures vanquished.

No species were genocided or became extinct.

Game over:
                       ----------
                      /          \
                     /    REST    \
                    /      IN      \
                   /     PEACE      \
                  /                  \
                  |    1212459919    |
                  |       0 Au       |
                  |   killed by a    |
                  |    sewer rat     |
                  |                  |
                  |                  |
                  |       2026       |
                 *|     *  *  *      | *
        _________)/\\_//(\/(/\)/\//\/|_)_______

Goodbye 1212459919 the Barbarian...

You died in The Gnomish Mines on dungeon level 4 with 1254 points,
and 0 pieces of gold, after 3404 moves.
You were level 5 with a maximum of 54 hit points when you died.

